 Dungeon Crawl Stone Soup version 0.30-a0-1035-g38d5fb2972 (webtiles) character file.

Game seed: 1483249341072027137

1830454 bakla the Swordfish (level 26, 231/231 HPs)
             Began as a Merfolk Fighter on Apr 7, 2023.
             Was a High Priest of the Shining One.
             Escaped with the Orb
             ... and 3 runes on Apr 9, 2023!
             The game lasted 03:35:39 (54924 turns).

bakla the Swordfish (Merfolk Fighter)              Turns: 54924, Time: 03:35:40

Health: 231/231    AC: 24    Str: 16    XL:     26   Next: 16%
Magic:  35/35      EV: 32    Int: 13    God:    the Shining One [*****.]
Gold:   116        SH: 14    Dex: 22    Spells: 27/29 levels left

rFire   + + .      SeeInvis .    L - +7 double sword "Yruimoim" {distort, rC+ Int+4}
rCold   + + .      Faith    .    c - +0 kite shield {rF+}
rNeg    + + +      Spirit   .    T - +4 troll leather armour
rPois   +          Reflect  .    S - -2 hat of the Alchemist {rElec rPois rF+ rC+ rN+ Will+ rMut rCorr}
rElec   +          Rampage  .    t - +2 cloak {rCorr}
rCorr   +                        V - +2 pair of gloves "Tiosm" {rPois}
rMut    +                        q - +0 pair of boots
Will    +++..                    J - amulet of regeneration
Stlth   +                        C - ring of the Tortoise {AC+8}
HPRegen 2.18/turn                w - ring of willpower
MPRegen 0.24/turn

@: glowing, studying 2 skills
A: (nimble swimmer 2), mertail, weak 1, subdued magic 1
0: Orb of Zot
}: 3/15 runes: decaying, serpentine, abyssal
a: Renounce Religion, Divine Shield, Cleansing Flame, Summon Divine Warrior


You escaped.
You worshipped the Shining One.
The Shining One was extremely pleased with you.
You visited 9 branches of the dungeon, and saw 45 of its levels.
You visited the Abyss 1 time.
You also visited: Sewer, Ossuary, Bailey and Gauntlet.

You collected 6026 gold pieces.
You spent 5910 gold pieces at shops.

Inventory:

Hand Weapons
 h - a +4 eudemon blade of holy wrath
 L - the +7 double sword "Yruimoim" (weapon) {distort, rC+ Int+4}
   (You acquired it on level 2 of the Depths)

   Int:       It affects your intelligence (+4).
   rC:        It protects you from cold.
Missiles
 r - a curare-tipped dart
Armour
 c - a +0 kite shield of fire resistance (worn)
 q - a +0 pair of boots (worn)
 t - a +2 cloak of preservation (worn)
 M - a +3 kite shield of protection
 S - the -2 hat of the Alchemist (worn) {rElec rPois rF+ rC+ rN+ Will+ rMut rCorr}
   (You bought it in a shop on level 1 of the Vaults)

   rF:        It protects you from fire.
   rC:        It protects you from cold.
   rElec:     It insulates you from electricity.
   rPois:     It protects you from poison.
   rN:        It protects you from negative energy.
   rCorr:     It protects you from acid and corrosion.
   rMut:      It protects you from mutation.
   Will:      It increases your willpower.
 T - a +4 troll leather armour (worn)
 V - the +2 pair of gloves "Tiosm" (worn) {rPois}
   (You bought it in a shop on level 1 of the Vaults)

   rPois:     It protects you from poison.
Jewellery
 k - a ring of protection from fire
 l - a ring of flight
 m - a ring of resist corrosion
 v - the ring of the Magpie {rC+ EV+5 Str+3}
   (You found it on level 4 of the Swamp)

   [ring of evasion]

   EV:        It affects your evasion (+5).
   Str:       It affects your strength (+3).
   rC:        It protects you from cold.
 w - a ring of willpower (right hand)
 C - the ring of the Tortoise (left hand) {AC+8}
   (You bought it in a shop on level 3 of the Depths)

   [ring of protection]

   AC:        It affects your AC (+8).
 J - an amulet of regeneration (around neck)
 O - the amulet of Heresy {Reflect rF+ Str+2 SH+5}
   (You bought it in a shop on level 2 of the Orcish Mines)

   [amulet of reflection]

   It reflects blocked missile attacks.
   Str:       It affects your strength (+2).
   rF:        It protects you from fire.
   SH:        It affects your SH (+5).
 Y - a +5 ring of evasion
Wands
 b - a wand of digging (4)
 n - a wand of flame (56)
 F - a wand of roots (4)
 H - a wand of polymorph (4)
 Q - a wand of light (21)
Scrolls
 g - 20 scrolls of identify
 i - 3 scrolls of blinking
 u - 12 scrolls of fear
 x - a scroll of magic mapping
 y - 3 scrolls of fog
 z - 9 scrolls of immolation
 I - 8 scrolls of amnesia
 N - a scroll of silence
 R - 12 scrolls of teleportation
 X - a scroll of brand weapon
Potions
 d - 14 potions of curing
 e - 4 potions of ambrosia
 f - 15 potions of brilliance
 j - 4 potions of haste
 p - 8 potions of lignification
 s - 8 potions of resistance
 A - 2 potions of invisibility
 B - 11 potions of attraction
 D - 14 potions of flight
 E - 2 potions of berserk rage
 G - a potion of might
 K - 3 potions of heal wounds
 U - 5 potions of magic
 W - 2 potions of cancellation
 Z - 7 potions of mutation
Miscellaneous
 a - a phantom mirror (inert)
 o - a condenser vane (inert)
 P - a phial of floods


   Skills:
 + Level 24.2 Fighting
 O Level 27 Long Blades
 - Level 10.0 Armour
 + Level 25.9 Dodging
 - Level 14.0 Shields
 - Level 2.0 Spellcasting
 - Level 6.0 Transmutations
 + Level 17.5 Invocations
 + Level 13.5 Evocations


You had 27 spell levels left.
You knew the following spells:

 Your Spells              Type           Power      Damage    Failure   Level
a - Wereblood             Tmut           13%        N/A       5%          2

Your spell library contained the following spells:

 Spells                   Type           Power      Damage    Failure   Level
 Beastly Appendage        Tmut           26%        N/A       3%          1
 Spider Form              Tmut/Pois      7%         N/A       38%         3
 Kiss of Death            Conj/Necr      4%         2d5       45%         1
 Sandblast                Erth           2%         2d4       45%         1
 Summon Small Mammal      Summ           4%         N/A       45%         1
 Ignite Poison            Fire/Tmut/Pois 5%         N/A       54%         3
 Blink                    Tloc           2%         N/A       58%         2
 Cigotuvi's Dreadful Rot  Necr/Pois/Air  2%         N/A       58%         2
 Lesser Beckoning         Tloc           2%         N/A       58%         2
 Poisonous Vapours        Pois/Air       2%         N/A       58%         2
 Static Discharge         Conj/Air       2%         2-3/arc   58%         2
 Ice Form                 Ice/Tmut       7%         N/A       82%         4
 Confusing Touch          Hex            1%         N/A       83%         3
 Gell's Gravitas          Tloc           1%         N/A       83%         3
 Hailstorm                Conj/Ice       1%         3d3       83%         3
 Ozocubu's Armour         Ice            1%         N/A       83%         3
 Portal Projectile        Hex/Tloc       2%         N/A       83%         3
 Teleport Other           Tloc           1%         N/A       83%         3
 Airstrike                Air            0%         2d(1-17)  99%         4
 Dispel Undead            Necr           1%         3d6       99%         4
 Manifold Assault         Tloc           1%         N/A       99%         4
 Summon Lightning Spire   Summ/Air       1%         N/A       99%         4
 Alistair's Intoxication  Tmut/Pois      4%         N/A       99%         5
 Borgnjor's Vile Clutch   Necr/Erth      0%         N/A       100%        5
 Fireball                 Conj/Fire      0%         3d3       100%        5
 Freezing Cloud           Conj/Ice/Air   0%         6-21      100%        5
 Iskenderun's Battlesphe  Conj           1%         2d6       100%        5
 Lee's Rapid Deconstruct  Erth           0%         3d4*      100%        5
 Metabolic Englaciation   Hex/Ice        0%         N/A       100%        5
 Conjure Ball Lightning   Conj/Air       0%         3x3d6     100%        6
 Dispersal                Tloc           0%         N/A       100%        6
 Eringya's Noxious Bog    Tmut/Pois      3%         N/A       100%        6
 Iron Shot                Conj/Erth      0%         9d1       100%        6
 Simulacrum               Ice/Necr       0%         N/A       100%        6
 Orb of Destruction       Conj           0%         9d5       100%        7
 Spellforged Servitor     Conj/Summ      0%         N/A       100%        7
 Storm Form               Tmut/Air       3%         N/A       100%        7
 Discord                  Hex            0%         N/A       100%        8
 Disjunction              Tloc           0%         N/A       100%        8


Dungeon Overview and Level Annotations

Branches:
Dungeon (15/15)            Temple (0/1) D:5            Lair (5/5) D:11
  Swamp (4/4) Lair:2        Snake (4/4) Lair:2        Slime (0/5) Lair:4
    Orc (2/2) D:11            Elf (2/3) Orc:2        Vaults (4/5) D:14
  Crypt (0/3) Vaults:3     Depths (4/4) D:15            Zot (5/5) Depths:4
  Sewer (visited)         Ossuary (visited)          Bailey (visited)
Gauntlet (visited)

Altars:
Dithmenos
Elyvilon
Gozag
Kikubaaqudgha
Makhleb
Nemelex Xobeh
Ru
Sif Muna
Trog
Uskayaw
Zin
The Shining One
Jiyva

Shops:
D:6 *   D:11 [   Orc:2 =*[(   Snake:3 (   Snake:4 !   Vaults:1 [   Vaults:2 (
Vaults:3 [   Depths:3 ==:

Portals:
Hell: Depths:1 Depths:2 Depths:3 Depths:4
Abyss: Depths:1 Depths:3
Pandemonium: Depths:1 Depths:2
Ziggurat: Depths:4

Annotations:
D:2 1 runed translucent door, Crazy Yiuf
D:6 Maggie
Snake:2 6 transporters
Elf:2 Zenata
Depths:4 exclusions: 3 shining eyes and 1 more exclusion
Zot:2 exclusion: 2 upstairs
Zot:3 exclusion: 2 upstairs
Zot:4 exclusion: 3 upstairs
Zot:5 exclusion: 2 upstairs


Innate Abilities, Weirdness & Mutations

((You are very nimble when in or above water. (Stealth+, EV+, Speed+++)))
Your lower body shifts to a powerful aquatic tail in water.
You are weak. (Str -2)
Your spells are a little easier to cast, but a little less powerful.


Message History

You climb upwards.
There is a stone staircase leading down here.
There is a stone staircase leading up here.
You climb upwards.
There is a stone staircase leading down here.
A small abomination comes into view.
You block the small abomination's attack. x2
You open the small abomination like a pillowcase!!!
You destroy the small abomination!
The Shining One accepts your kill.
There is an escape hatch in the ceiling here.
A mysterious force pulls you upwards. The hatch slams shut behind you.
Level annotation: 1 runed translucent door, Crazy Yiuf
(D) Dungeon (T) Temple (L) Lair (S) Swamp (P) Snake Pit (M) Slime Pits (O) Orcish Mines (E) Elven Halls (V) Vaults (C) Crypt (U) Depths (H) Hell (Z) Zot
Where to? (Enter - D:1 @ (x,y), ? - help)
There is an open door here.
There is a stone staircase leading up here.
You climb upwards.
There is a stone staircase leading down here.
An Orb Guardian comes into view.
There is an open door here.
The Orb Guardian hits you! You block the Orb Guardian's attack.
The Orb Guardian attacks as you move away!
You block the Orb Guardian's attack. The Orb Guardian barely misses you.
A lorocyproca comes into view.
You block the Orb Guardian's attack.
The Orb Guardian attacks as you move away!
You block the Orb Guardian's attack.
The Orb Guardian attacks as you move away!
The Orb Guardian completely misses you.
There is an open door here.
The Orb Guardian misses you.
There is a staircase leading out of the dungeon here.
You block the Orb Guardian's attack.
The Orb Guardian hits you but does no damage.
You have escaped!

###.######.#####.#
....)..........#.#
#.#.##############
...†####P.#...#..#
.......#..'...'..#
...#####.P#...#P.#
#.## ####...####
#.# #..#...#2.#
#.# #..'...'X@#
#'## #..#.#.#..#
...## ####.#.####
....## #..#...#..#
.....###P.'...'.(#
......##..#...#..#
......'####...####
.....(##..#...#..#
.....###..'...'..#


You could see an Orb Guardian and a lorocyproca (invisible).

Vanquished Creatures
  2 dread liches
  An orb of fire (Zot:5)
  Mennas (Vaults:3)
  5 Killer Klowns (Zot:5)
  2 golden dragons
  A hellephant (Abyss:3)
  2 electric golems
  2 tentacled monstrosities (Zot:1)
  A walking crystal tome (Depths:2)
  16 Orb Guardians
  2 liches
  An Ice Fiend (Depths:3)
  A walking frostbound tome (Depths:2)
  A quicksilver dragon (Zot:5)
  2 death cobs
  2 tentacled starspawn (Abyss:3)
  4 tengu reavers
  3 shadow dragons
  5 draconian monks
  Kirke (D:15)
  2 storm dragons
  4 draconian knights
  11 nagarajas (Snake:4)
  3 frost giants (Depths:2)
  2 fire giants
  3 balrugs
  A ghoul (Swamp:4)
  7 vault wardens
  A draconian scorcher (Zot:5)
  2 ghost moths
  A deep elf elementalist (Depths:2)
  A reaper (Depths:1)
  4 draconian stormcallers
  17 very ugly things
  2 orc warlords
  8 stone giants
  4 draconian annihilators
  3 spriggan defenders (Depths:4)
  A cacodemon (D:14)
  17 ironbound preservers
  4 ironbound thunderhulks
  4 green draconians
  5 vampire knights
  7 eleionomae
  Azrael (D:15)
  8 black draconians
  4 spark wasps
  4 purple draconians
  4 bunyips
  A deep elf annihilator (Depths:2)
  A minotaur (Gauntlet)
  5 red draconians
  7 white draconians
  6 dire elephants
  10 yellow draconians
  A merfolk impaler (Depths:2)
  4 blizzard demons
  3 eidola (Depths:3)
  2 ettins
  A merfolk javelineer (Depths:2)
  A deep elf death mage (Vaults:4)
  A crystal guardian (Abyss:3)
  A deep elf high priest (Vaults:4)
  7 fire dragons
  6 yaktaur captains
  2 great orbs of eyes
  6 ice dragons
  2 ghost crabs
  3 vault guards
  4 hydras
  5 salamander tyrants
  2 spriggan air magi (Depths:1)
  4 boulder beetles
  7 ironbound frosthearts
  14 centaur warriors
  A catoblepas (Lair:4)
  9 anacondas
  13 naga warriors
  5 two-headed ogres
  5 deep troll shamans
  2 death knights (Vaults:3)
  6 deep troll earth magi
  4 dancing weapons
  8 alligators
  2 thrashing horrors (Abyss:3)
  5 death yaks
  8 naga sharpshooters
  A hell hog (Abyss:3)
  Urug (Lair:1)
  7 shock serpents
  3 orc high priests
  2 spriggan berserkers (Depths:4)
  3 tengu warriors
  6 hell knights (Depths:3)
  2 deep elf knights (Elf:1)
  2 sixfirhies
  3 iron trolls
  A soul eater (Zot:1)
  3 wretched stars (Abyss:3)
  A fire crab (shapeshifter) (Depths:4)
  3 salamander mystics
  A skyshark (Lair:4)
  8 shadow wraiths (Depths:3)
  19 skeletal warriors
  A cherub (D:12)
  65 deep trolls
  A death drake (Swamp:2)
  5 bog bodies
  3 sea snakes (Snake:1)
  A glowing orange brain (Depths:4)
  3 deep elf archers (Elf:1)
  2 spriggan druids
  2 naga ritualists
  An obsidian statue (Zot:5)
  4 phantasmal warriors
  7 goliath frogs
  6 wizards
  2 lindwurms (Vaults:3)
  3 swamp dragons
  A flayed ghost (Depths:3)
  8 ironbound convokers
  13 deep elf pyromancers
  4 necromancers
  5 harpies
  7 deep elf zephyrmancers (Elf:1)
  Pikel (D:6)
  4 orc knights
  4 mana vipers
  A lindwurm (shapeshifter) (Depths:4)
  5 orc sorcerers
  31 ugly things
  3 cyclopes
  12 salamanders
  A wolf spider (D:15)
  A manticore (D:11)
  5 will-o-the-wisps
  A worldbinder (Abyss:3)
  8 moths of wrath
  Maurice (D:8)
  7 naga magi
  9 vault sentinels
  4 guardian serpents (Snake:4)
  A guardian serpent (shapeshifter) (D:15)
  21 elephants
  2 water nymphs (Swamp:4)
  22 black mambas
  2 torpor snails
  10 centaur zombies (D:11)
  6 cane toads
  3 smoke demons (Abyss:3)
  A torpor snail (shapeshifter) (D:15)
  A water nymph (shapeshifter) (Depths:2)
  A gargoyle (D:12)
  3 unseen horrors
  2 hellions (Depths:3)
  4 rime drakes
  4 komodo dragons
  An efreet (D:14)
  3 kobold demonologists (D:13)
  25 yaktaurs
  An ice devil (Abyss:1)
  A swamp worm zombie (Swamp:4)
  A hydra zombie (Swamp:4)
  3 tengu conjurers
  An ancient zyme (Abyss:3)
  2 silent spectres (Abyss:3)
  9 meliai
  A merfolk (D:15)
  6 trolls
  3 polar bears (Lair:5)
  A hellwing (Abyss:3)
  Grinder (D:5)
  8 raiju
  A queen bee (Abyss:4)
  An alligator zombie (Swamp:4)
  6 hornets
  A blink frog (shapeshifter) (Abyss:3)
  7 tyrant leeches
  3 blink frogs (Lair:3)
  5 dream sheep (Lair:3)
  22 slime creatures
  3 shadows (D:11)
  A meliai zombie (D:11)
  6 spriggans
  5 wraiths
  An air elemental (Elf:1)
  11 large abominations
  5 wyverns
  10 water elementals (Depths:2)
  A ynoxinul (Abyss:3)
  Sigmund (D:2)
  3 vampires (D:11)
  2 hogs (D:15)
  An elf zombie (Vaults:3)
  17 starcursed masses (Abyss:3)
  39 yaks
  4 fire elementals
  4 basilisks
  2 spectral komodo dragons (Lair:2)
  2 steam dragons
  19 vampire mosquitoes
  A chaos spawn (Abyss:3)
  5 wargs
  Menkaure (D:7)
  A spectral cane toad (Lair:2)
  36 nagas
  3 acid dragons
  16 swamp worms
  A warg (shapeshifter) (Elf:1)
  16 water moccasins
  11 hell hounds
  37 orc warriors
  11 black bears
  2 spectral rime drakes (Lair:2)
  5 ogres
  10 centaurs
  8 small abominations
  23 wolves
  2 human skeletons
  4 phantoms
  3 kobold brigands
  A gnoll sergeant (D:6)
  A spectral water moccasin (Lair:2)
  15 bullfrogs
  2 earth elementals (Elf:1)
  A water moccasin zombie (Ossuary)
  A scorpion (D:5)
  13 killer bees
  A howler monkey (D:8)
  3 jellies
  A quasit (Abyss:3)
  A human simulacrum (Vaults:4)
  7 hounds
  25 orc priests
  An iron imp (Abyss:3)
  A sleepcap (D:5)
  Terence (D:2)
  8 iguanas
  19 orc wizards
  2 mummies (Ossuary)
  A howler monkey zombie (D:11)
  Robin (D:3)
  9 gnolls
  A swamp drake zombie (Swamp:4)
  8 adders
  2 shadow imps
  2 white imps (Depths:3)
  5 ufetubi
  6 adder zombies (Ossuary)
  3 worms
  A dart slug (D:1)
  72 orcs
  13 ball pythons
  10 endoplasms
  9 giant cockroaches
  2 gnoll zombies (Ossuary)
  10 hobgoblins
  6 jackals
  12 kobolds
  9 quokkas
  5 bats
  9 frilled lizards
  7 goblins
  4 hobgoblin zombies (Ossuary)
  6 kobold zombies (Ossuary)
  7 orc zombies (Ossuary)
  5 rats (D:1)
  A starspawn tentacle (Abyss:4)
1531 creatures vanquished.

Vanquished Creatures (collateral kills)
  Sojobo (Vaults:3)
  A golden dragon (Depths:4)
  2 caustic shrikes (Depths:2)
  A bone dragon (Swamp:4)
  Jory (Depths:3)
  A Brimstone Fiend (Depths:3)
  2 tentacled monstrosities (Depths:2)
  A hellephant (Abyss:3)
  3 Orb Guardians (Zot:5)
  A walking crystal tome (Depths:2)
  2 liches
  3 walking earthen tomes (Depths:2)
  A walking divine tome (Depths:2)
  A titan (Depths:2)
  6 sphinxes
  2 tentacled starspawn
  A tengu reaver (Depths:2)
  A storm dragon (Depths:4)
  2 fenstrider witches (Swamp:4)
  A fire giant (Depths:2)
  2 nagarajas (Snake:4)
  A frost giant (Depths:3)
  Louise (Snake:1)
  A deep elf sorcerer (Elf:1)
  A ghost moth (Depths:3)
  A deep elf elementalist (Depths:2)
  An orc warlord (Orc:2)
  A balrug (Abyss:1)
  4 ghouls (Swamp:4)
  A very ugly thing (Abyss:4)
  A reaper (Depths:3)
  2 draconian annihilators (Zot:1)
  5 vampire knights
  3 stone giants
  A black draconian (Zot:1)
  A deep elf demonologist (Elf:1)
  2 eleionomae (Swamp:4)
  2 green draconians (Zot:1)
  A dire elephant (Abyss:1)
  A yellow draconian (Depths:4)
  5 spark wasps
  A white draconian (Zot:5)
  A purple draconian (Depths:4)
  8 eidola (Depths:3)
  2 blizzard demons
  A merfolk impaler (Depths:1)
  3 ettins
  2 fire dragons
  An ice dragon (Depths:4)
  2 rakshasas
  3 spriggan air magi
  4 hydras
  3 ghost crabs
  A death knight (D:14)
  A hell beast (Depths:1)
  A centaur warrior (D:15)
  9 dancing weapons
  2 naga warriors
  2 tengu warriors (Depths:2)
  A two-headed ogre (shapeshifter) (Abyss:3)
  3 alligators
  A deep troll earth mage (Depths:2)
  2 thrashing horrors (Abyss:3)
  3 deep troll shamans (Depths:3)
  3 orc high priests
  A naga sharpshooter (Snake:4)
  3 spriggan berserkers
  A hell knight (Depths:3)
  3 shadow wraiths
  A golden dragon zombie (Depths:1)
  5 iron trolls
  4 wretched stars
  A death drake (Swamp:4)
  3 spectral hydras (Swamp:4)
  A swamp dragon (Lair:5)
  2 flayed ghosts (Depths:3)
  4 bog bodies
  4 deep trolls
  5 glowing orange brains
  2 sea snakes (Snake:1)
  A deep elf archer (Elf:1)
  4 phantasmal warriors
  3 wizards
  A harpy (shapeshifter) (Abyss:3)
  5 deep elf zephyrmancers (Elf:1)
  A human zombie (Abyss:2)
  A mana viper (Snake:1)
  7 deep elf pyromancers
  2 orc knights (Orc:2)
  2 orc sorcerers (Orc:2)
  A will-o-the-wisp (Abyss:4)
  2 worldbinders
  A guardian serpent (Snake:4)
  A fire giant skeleton (Depths:1)
  6 ugly things
  An elephant (shapeshifter) (Abyss:3)
  A moth of wrath (Zot:1)
  2 apocalypse crabs (Abyss:3)
  6 black mambas
  2 naga magi
  2 smoke demons (Abyss:3)
  An orange demon (Abyss:3)
  A frost giant skeleton (Depths:1)
  A naga skeleton (Abyss:3)
  A torpor snail (Lair:5)
  2 efreet
  2 swamp worm zombies (Swamp:4)
  2 tengu conjurers (Depths:2)
  4 hydra zombies (Swamp:4)
  An ancient zyme (Abyss:3)
  A hellwing (Abyss:3)
  5 meliai
  3 bloated husks
  A sphinx simulacrum (Abyss:1)
  3 hornets
  A spectral swamp dragon (Swamp:4)
  6 polar bears (Lair:5)
  A blink frog (shapeshifter) (Depths:2)
  5 alligator zombies (Swamp:4)
  6 raiju (Abyss:3)
  3 tyrant leeches
  A blink frog (Abyss:3)
  7 large abominations (Abyss:3)
  4 spriggans
  An air elemental (Elf:1)
  A water elemental (Depths:1)
  11 starcursed masses (Abyss:3)
  5 small abominations
  A vampire mosquito (Depths:3)
  A basilisk (Lair:5)
  A neqoxec (Abyss:3)
  4 wargs (Lair:5)
  2 swamp worms
  2 water moccasins (Lair:5)
  6 hell hounds (Lair:5)
  3 black bears (Lair:5)
  11 orc warriors
  2 swamp dragon zombies (Swamp:4)
  6 wolves (Lair:5)
  2 ogres (Orc:2)
  3 centaurs (D:15)
  4 phantoms (Swamp:4)
  A necrophage (Swamp:4)
  A wight (Abyss:3)
  A crimson imp (Depths:3)
  6 orc priests
  3 orc wizards
  3 swamp drake zombies (Swamp:4)
  An ufetubus (Abyss:3)
  10 orcs
  A starspawn tentacle (Abyss:4)
379 creatures vanquished.

Vanquished Creatures (others)
  Donald (Swamp:4)
  A deep elf zephyrmancer (Elf:1)
  A moth of wrath (Zot:5)
  A guardian serpent (Abyss:3)
  4 bloated husks
  An alligator zombie (Swamp:4)
  A small abomination (Abyss:3)
  A neqoxec (Abyss:3)
  5 humans (D:15)
  A naga (Snake:3)
  3 swamp drakes (Swamp:3)
  An orc warrior (Orc:2)
  2 orcs (Orc:2)
  10 foxfires
  73 fungi
  69 plants
  6 starspawn tentacles
181 creatures vanquished.

Grand Total: 2091 creatures vanquished

Notes
Turn   | Place    | Note
-------+----------+-------------------------------------------
     0 | D:1      | bakla the Merfolk Fighter began the quest for the Orb.
     0 | D:1      | Reached XP level 1. HP: 18/18 MP: 1/1
   289 | D:1      | Reached XP level 2. HP: 24/24 MP: 2/2
   379 | D:1      | Reached skill level 1 in Dodging
  1051 | D:2      | Reached XP level 3. HP: 29/29 MP: 3/3
  1096 | D:2      | Noticed Sigmund
  1133 | D:3      | Reached skill level 3 in Long Blades
  1134 | D:3      | Noticed Robin
  1142 | D:3      | Killed Robin
  1230 | D:3      | Learned a level 2 spell: Wereblood
  1340 | D:3      | Reached XP level 4. HP: 37/37 MP: 4/4
  1344 | D:3      | Found a white marble altar of Elyvilon.
  1345 | D:3      | Found a sacrificial altar of Ru.
  1345 | D:3      | Found a bloodstained altar of Trog.
  1652 | D:3      | Found a shimmering blue altar of Sif Muna.
  1656 | D:3      | Found a hide-covered altar of Uskayaw.
  1696 | D:4      | Found a glowing golden altar of the Shining One.
  1696 | D:4      | Found an ancient bone altar of Kikubaaqudgha.
  1699 | D:4      | Became a worshipper of the Shining One
  1926 | D:4      | Found a burning altar of Makhleb.
  2244 | D:4      | Reached XP level 5. HP: 35/42 MP: 5/5
  2365 | D:4      | Found a glowing silver altar of Zin.
  2365 | D:4      | Noticed an Executioner
  2365 | D:4      | Noticed an angel
  2419 | D:5      | Entered Level 5 of the Dungeon
  2432 | D:5      | Found a staircase to the Ecumenical Temple.
  2474 | D:5      | Reached skill level 4 in Long Blades
  2583 | D:5      | Noticed Grinder
  2590 | D:5      | Killed Grinder
  2591 | D:5      | Reached skill level 5 in Fighting
  2591 | D:5      | Reached XP level 6. HP: 51/51 MP: 6/6
  2617 | D:5      | Reached skill level 5 in Long Blades
  2761 | D:5      | Reached XP level 7. HP: 47/56 MP: 7/7
  3055 | D:5      | Reached skill level 5 in Dodging
  3507 | D:6      | Reached skill level 6 in Long Blades
  3585 | D:6      | Noticed Pikel
  3593 | D:6      | Reached XP level 8. HP: 59/64 MP: 8/8
  3602 | D:6      | Killed Pikel
  3603 | D:6      | Reached skill level 7 in Long Blades
  3660 | D:6      | Reached * piety under the Shining One
  3725 | D:6      | Found a glowing drain.
  3740 | Sewer    | Entered a sewer
  4339 | D:6      | Noticed Maggie
  4880 | D:2      | Noticed Terence
  4886 | D:2      | Killed Terence
  5037 | D:2      | Found a faded altar of an unknown god.
  5073 | D:2      | Killed Sigmund
  5074 | D:2      | Reached skill level 8 in Long Blades
  5074 | D:2      | Reached XP level 9. HP: 73/73 MP: 9/9
  5141 | D:2      | Found a runed translucent door.
  5142 | D:2      | Noticed Crazy Yiuf
  5544 | D:6      | Found Upsuarak's General Store.
  5639 | D:7      | Noticed Menkaure
  5646 | D:7      | Killed Menkaure
  6458 | D:8      | Noticed Maurice
  6481 | D:8      | Killed Maurice
  6482 | D:8      | Reached skill level 9 in Long Blades
  6572 | D:8      | Reached skill level 10 in Dodging
  6572 | D:8      | Reached XP level 10. HP: 63/83 MP: 10/10
  6591 | D:8      | Found a sand-covered staircase.
  6619 | Ossuary  | Entered an ossuary
  6635 | Ossuary  | Reached ** piety under the Shining One
  6695 | Ossuary  | Reached *** piety under the Shining One
  6993 | D:8      | Reached **** piety under the Shining One
  7017 | D:8      | Reached skill level 10 in Long Blades
  7017 | D:8      | Reached skill level 1 in Invocations
  7327 | D:9      | Found a flagged portal.
  7355 | Bailey   | Entered a bailey
  7431 | Bailey   | Noticed an orc knight
  7527 | Bailey   | Killed an orc knight
  7592 | Bailey   | Reached skill level 10 in Fighting
  7726 | Bailey   | Found a large runed translucent door.
  7726 | Bailey   | Found a large runed translucent door.
  7727 | Bailey   | Noticed a deep elf pyromancer
  7768 | Bailey   | Killed a deep elf pyromancer
  7776 | Bailey   | Identified the +0 pair of gloves of Noalo {+Inv rElec rPois
                  | Str-4}
  8141 | D:9      | Identified the +0 robe "Kegre" {rN+ Str+9}
  8428 | D:9      | Noticed a two-headed ogre
  8438 | D:9      | Killed a two-headed ogre
  8439 | D:9      | Reached skill level 11 in Long Blades
  8439 | D:9      | Reached XP level 11. HP: 92/92 MP: 14/14
  8523 | D:10     | Entered Level 10 of the Dungeon
  8795 | D:10     | Reached skill level 5 in Invocations
  9558 | D:11     | Noticed a cyclops
  9632 | D:11     | Reached ***** piety under the Shining One
  9714 | D:11     | Noticed a two-headed ogre
  9724 | D:11     | Killed a two-headed ogre
  9760 | D:11     | Reached skill level 12 in Long Blades
  9802 | D:11     | Found a staircase to the Orcish Mines.
  9802 | D:11     | Found Nicowimi's Armour Shop.
  9817 | D:11     | Noticed a manticore
  9901 | D:11     | Killed a manticore
  9902 | D:11     | Reached XP level 12. HP: 72/101 MP: 12/17
  9990 | D:11     | Found a gate leading to a gauntlet.
  9999 | Gauntlet | Entered a Gauntlet
  9999 | Gauntlet | Found a transporter.
 10002 | Gauntlet | Noticed a blizzard demon
 10090 | Gauntlet | Found a transporter.
 10105 | Gauntlet | Found a runed translucent gate.
 10105 | Gauntlet | Found a runed translucent gate.
 10105 | Gauntlet | Found a runed translucent gate.
 10107 | Gauntlet | Found a transporter.
 10111 | Gauntlet | Found a transporter.
 10121 | Gauntlet | Found a transporter.
 10145 | Gauntlet | Found a transporter.
 10159 | Gauntlet | Found a transporter.
 10189 | Gauntlet | Found a transporter.
 10189 | Gauntlet | Found a transporter.
 10194 | Gauntlet | Found a transporter.
 10217 | Gauntlet | Found a transporter.
 10221 | Gauntlet | Found a transporter.
 10223 | Gauntlet | Noticed a death yak
 10224 | Gauntlet | Noticed a death yak
 10227 | Gauntlet | Noticed a death yak
 10227 | Gauntlet | Noticed a death yak
 10229 | Gauntlet | Noticed a death yak
 10376 | Gauntlet | Killed a death yak
 10382 | Gauntlet | Noticed a minotaur
 10400 | Gauntlet | Killed a minotaur
 10612 | D:11     | Bought a +1 troll leather armour for 264 gold pieces
 10726 | D:11     | Found a sparkling altar of Nemelex Xobeh.
 10812 | D:11     | Identified the +0 trident of Revolt {venom, rElec rN+
                  | Will++ Str-5}
 10849 | D:11     | Found a staircase to the Lair.
 10864 | Lair:1   | Entered Level 1 of the Lair of Beasts
 10929 | Lair:1   | Noticed Urug
 10989 | Lair:1   | Killed Urug
 11021 | Lair:1   | Reached skill level 13 in Long Blades
 11793 | Lair:1   | Identified a scroll of acquirement
 11793 | Lair:1   | Acquired a manual of Shields
 11841 | Lair:2   | Noticed a death yak
 12028 | Lair:2   | Reached skill level 5 in Shields
 12145 | Lair:2   | Reached XP level 13. HP: 99/109 MP: 16/19
 12215 | Lair:2   | Noticed a dire elephant
 12240 | Lair:2   | Killed a dire elephant
 12371 | Lair:2   | Found a staircase to the Snake Pit.
 12731 | Lair:2   | Reached skill level 14 in Long Blades
 12768 | Lair:1   | Reached skill level 15 in Dodging
 12894 | Lair:2   | Reached ****** piety under the Shining One
 13527 | Lair:3   | Identified the +7 halberd of Vengeance {freeze, rF+ Dex+5
                  | SInv}
 13756 | Lair:3   | Found a shadowy altar of Dithmenos.
 13780 | Lair:3   | Reached skill level 10 in Invocations
 14677 | Lair:4   | Found a viscous altar of Jiyva.
 14677 | Lair:4   | Found a staircase to the Slime Pits.
 15502 | Lair:5   | Entered Level 5 of the Lair of Beasts
 15551 | Lair:5   | Reached XP level 14. HP: 78/119 MP: 14/21
 16148 | Lair:5   | Reached skill level 10 in Shields
 16765 | Lair:5   | Identified the +4 robe "Putz" {Int+3}
 17556 | D:12     | Found a glowing silver altar of Zin.
 18165 | D:12     | Reached skill level 15 in Fighting
 18606 | D:13     | Reached XP level 15. HP: 129/129 MP: 24/24
 18676 | Orc:1    | Entered Level 1 of the Orcish Mines
 19132 | Orc:2    | Entered Level 2 of the Orcish Mines
 19132 | Orc:2    | Found a staircase to the Elven Halls.
 19897 | Orc:2    | Noticed an orc warlord
 19914 | Orc:2    | Killed an orc warlord
 19980 | Orc:2    | Gained mutation: You are weak. (Str -2) [a neqoxec]
 19983 | Orc:2    | Gained mutation: Armour fits poorly on your strangely
                  | shaped body. [a neqoxec]
 20141 | Orc:2    | Found Bagaih's General Store.
 20142 | Orc:2    | Found Kuycliss's Jewellery Boutique.
 20144 | Orc:2    | Found Nawot Supewn's Antique Armour Boutique.
 20144 | Orc:2    | Found Koef's Antique Weapon Shop.
 20159 | Orc:2    | Bought a condenser vane for 560 gold pieces
 20365 | Orc:2    | Noticed an orc warlord
 20448 | Orc:2    | Killed an orc warlord
 20947 | Orc:2    | Bought a tower shield for 121 gold pieces
 21170 | Snake:1  | Entered Level 1 of the Snake Pit
 21567 | Snake:1  | Noticed Louise
 21599 | Snake:1  | Killed Louise
 21879 | Snake:1  | Paralysed by a naga for 3 turns
 22605 | Snake:2  | Found a transporter.
 22606 | Snake:2  | Found a transporter.
 22699 | Snake:2  | Reached XP level 16. HP: 64/138 MP: 10/26
 23119 | Snake:2  | Found a transporter.
 23120 | Snake:2  | Found a transporter.
 23180 | Snake:2  | Found a transporter.
 23181 | Snake:2  | Found a transporter.
 24834 | Snake:3  | Found Runkaim's Antique Weapon Boutique.
 25427 | Snake:1  | Lost mutation: You are weak. (Str -2) [potion of mutation]
 25427 | Snake:1  | Lost mutation: Armour fits poorly on your strangely shaped
                  | body. [potion of mutation]
 25427 | Snake:1  | Gained mutation: You are weak. (Str -2) [potion of
                  | mutation]
 25427 | Snake:1  | Gained mutation: Your spells are a little easier to cast,
                  | but a little less powerful. [potion of mutation]
 25463 | Snake:4  | Entered Level 4 of the Snake Pit
 26078 | Snake:4  | Found Kidwit's Distillery.
 26104 | Snake:4  | Bought a potion of might for 72 gold pieces
 26104 | Snake:4  | Bought a potion of mutation for 144 gold pieces
 26104 | Snake:4  | Bought a potion of might for 72 gold pieces
 26104 | Snake:4  | Bought a potion of heal wounds for 90 gold pieces
 26104 | Snake:4  | Bought a potion of curing for 54 gold pieces
 26220 | Snake:4  | Reached skill level 1 in Transmutations
 26231 | Snake:4  | Noticed a nagaraja
 26247 | Snake:4  | Noticed a nagaraja
 26258 | Snake:4  | Killed a nagaraja
 26259 | Snake:4  | Reached skill level 1 in Spellcasting
 26271 | Snake:4  | Killed a nagaraja
 26540 | Snake:4  | Noticed a nagaraja
 26588 | Snake:4  | Killed a nagaraja
 26881 | Snake:4  | Noticed a nagaraja
 26917 | Snake:4  | Killed a nagaraja
 27025 | Snake:4  | Noticed a nagaraja
 27067 | Snake:4  | Killed a nagaraja
 27068 | Snake:4  | Reached skill level 15 in Invocations
 27713 | Snake:4  | Noticed a nagaraja
 27724 | Snake:4  | Killed a nagaraja
 27724 | Snake:4  | Noticed a nagaraja
 27734 | Snake:4  | Killed a nagaraja
 27735 | Snake:4  | Reached skill level 5 in Transmutations
 27735 | Snake:4  | Reached XP level 17. HP: 76/148 MP: 11/28
 28291 | Snake:4  | Got a serpentine rune of Zot
 29276 | Lair:2   | Found a staircase to the Swamp.
 29285 | Swamp:1  | Entered Level 1 of the Swamp
 30344 | Swamp:2  | Reached skill level 5 in Armour
 31038 | Swamp:3  | Identified the +6 quarterstaff "Jiofucuu" {freeze, +Blink
                  | rElec rF++ Str-5}
 31364 | Swamp:3  | Reached XP level 18. HP: 160/160 MP: 29/29
 31773 | Swamp:4  | Entered Level 4 of the Swamp
 32022 | Swamp:4  | Reached XP level 19. HP: 127/166 MP: 22/30
 32413 | Swamp:4  | Reached skill level 10 in Armour
 32420 | Swamp:4  | Noticed Donald
 32522 | Swamp:4  | Noticed a bone dragon
 32529 | Swamp:4  | Killed a bone dragon
 32593 | Swamp:4  | Identified the ring of the Magpie {rC+ EV+5 Str+3}
 32599 | Swamp:4  | Killed Donald
 32639 | Swamp:4  | Got a decaying rune of Zot
 32925 | Elf:1    | Entered Level 1 of the Elven Halls
 33055 | Orc:2    | Bought the amulet of Heresy {Reflect rF+ Str+2 SH+5} for
                  | 867 gold pieces
 33188 | Elf:1    | Reached skill level 15 in Long Blades
 33536 | Elf:1    | Reached skill level 16 in Long Blades
 33680 | Elf:1    | Paralysed by an air elemental for 1 turns
 34146 | Elf:1    | Reached skill level 17 in Long Blades
 34342 | Elf:2    | Found a runed translucent gate.
 34343 | Elf:2    | Found a runed translucent gate.
 34343 | Elf:2    | Found a runed translucent gate.
 34361 | Elf:2    | Noticed Zenata
 34673 | D:13     | Reached skill level 18 in Long Blades
 35065 | D:13     | Reached XP level 20. HP: 174/174 MP: 31/31
 35721 | D:14     | Reached skill level 19 in Long Blades
 35954 | D:14     | Identified the +2 war axe "Curuyrunk" {drain, Dex+6}
 36201 | D:14     | Found a gate to the Vaults.
 36365 | D:15     | Entered Level 15 of the Dungeon
 36380 | D:15     | Noticed Kirke
 36404 | D:15     | Killed Kirke
 36652 | D:15     | Found a staircase to the Depths.
 37035 | D:15     | Noticed Azrael
 37040 | D:15     | Killed Azrael
 37348 | Depths:1 | Entered Level 1 of the Depths
 37514 | Depths:1 | Found a one-way gate leading to the halls of Pandemonium.
 37608 | Depths:1 | Found a one-way gate to the infinite horrors of the Abyss.
 37643 | Depths:1 | Paralysed by a vampire knight for 2 turns
 37645 | Depths:1 | Reached skill level 20 in Long Blades
 37687 | Depths:1 | Found an opulent altar of Gozag.
 37763 | Depths:1 | Found a gateway to Hell.
 38583 | Depths:1 | Reached skill level 21 in Long Blades
 39016 | Depths:1 | Upgraded the game from 0.30-a0-1018-g25214051b3 to
                  | 0.30-a0-1035-g38d5fb2972
 39593 | Depths:2 | Identified the +1 leather armour of Decaying Mirth {Int+6}
 39682 | Depths:2 | Reached skill level 22 in Long Blades
 39981 | Orc:2    | Bought a ring of willpower for 450 gold pieces
 40340 | Depths:2 | Noticed a caustic shrike
 40348 | Depths:2 | Killed a caustic shrike
 40349 | Depths:2 | Reached XP level 21. HP: 107/180 MP: 32/32
 40371 | Depths:2 | Paralysed by a sphinx for 5 turns
 40471 | Depths:2 | Reached skill level 23 in Long Blades
 40843 | Depths:2 | Identified the +7 glaive of Hepliaklqana's Esteem {freeze,
                  | rPois Int-2 SInv Stlth+}
 40843 | Depths:2 | Identified the amulet "Muow" {Reflect Int+4 SH+5}
 40958 | Depths:2 | Noticed a caustic shrike
 40974 | Depths:2 | Reached skill level 24 in Long Blades
 40975 | Depths:2 | Identified the +4 short sword of Abuse {flame, rElec rC+
                  | Stlth+}
 40980 | Depths:2 | Got the Secrets of Dimensional Filth
 41024 | Depths:2 | Killed a caustic shrike
 41181 | Depths:2 | Acquired the +7 double sword "Yruimoim" {distort, rC+
                  | Int+4}
 41565 | Vaults:1 | Entered Level 1 of the Vaults
 41877 | Vaults:1 | Reached skill level 25 in Long Blades
 42273 | Vaults:1 | Identified the +0 chain mail of the Shrike {rElec Will-
                  | Slay+2 SInv}
 42442 | Vaults:1 | Found Leenkoh's Armour Emporium.
 42450 | Vaults:1 | Bought the -2 hat of the Alchemist {rElec rPois rF+ rC+ rN+
                  | Will+ rMut rCorr} for 566 gold pieces
 42450 | Vaults:1 | Found the -2 hat of the Alchemist {rElec rPois rF+ rC+ rN+
                  | Will+ rMut rCorr}
 42460 | Vaults:1 | Bought the +2 pair of gloves "Tiosm" {rPois} for 308 gold
                  | pieces
 42898 | Vaults:1 | Got Bucueros's Catalogue of Phantasmal Tephra
 43061 | Vaults:2 | You fall into a shaft and drop 2 floors!
 43085 | Vaults:4 | Reached skill level 26 in Long Blades
 43219 | Vaults:3 | Reached XP level 22. HP: 165/187 MP: 33/33
 43569 | Vaults:3 | Found Qymuntem's Antique Armour Emporium.
 43582 | Vaults:3 | Noticed Sojobo
 43795 | Vaults:3 | Bought a slimy leather armour for 294 gold pieces
 43795 | Vaults:3 | Identified the +0 leather armour of a Hundred Planets
                  | {+Blink Str+2 Stlth+} (You bought it in a shop on level 3
                  | of the Vaults)
 44060 | Vaults:2 | Reached skill level 27 in Long Blades
 44077 | Vaults:2 | Found Cayf's Weapon Boutique.
 44260 | Vaults:2 | Reached skill level 1 in Evocations
 45460 | Vaults:3 | Paralysed by an air elemental for 1 turns
 45481 | Vaults:3 | Killed Sojobo
 45482 | Vaults:3 | Reached skill level 5 in Evocations
 45533 | Vaults:3 | Noticed Mennas
 45541 | Vaults:3 | Killed Mennas
 45786 | Vaults:3 | Found a staircase to the Crypt.
 46335 | Vaults:4 | Reached XP level 23. HP: 196/196 MP: 34/34
 48194 | Depths:3 | Found Nucoi's Jewellery Boutique.
 48195 | Depths:3 | Found Tiuham's Book Shoppe.
 48197 | Depths:3 | Found Gerist's Jewellery Boutique.
 48428 | Depths:3 | Identified the +0 tower shield "Ciaso" {Harm +Inv Int-3}
 48661 | Depths:3 | Noticed Jory
 48668 | Depths:3 | Identified the +4 arbalest of Eternal Night {drain, rF+}
 48668 | Depths:3 | Identified the +6 morningstar of the Beast {protect, Int+4}
 48670 | Depths:3 | Killed Jory
 49065 | Depths:3 | Identified the ring of Undoing {rC+ rN+ EV+5}
 49090 | Depths:4 | Entered Level 4 of the Depths
 49250 | Depths:4 | Noticed a golden dragon
 49259 | Depths:4 | Reached skill level 10 in Evocations
 49259 | Depths:4 | Reached XP level 24. HP: 112/208 MP: 30/34
 49769 | Depths:4 | Found a gate to the Realm of Zot.
 49946 | Depths:4 | Found a one-way gateway to a ziggurat.
 50397 | Depths:3 | Voluntarily entered the Abyss.
 50397 | Abyss:1  | Found a corrupted altar of Lugonu.
 50425 | Abyss:1  | Found a corrupted altar of Lugonu.
 50759 | Abyss:3  | Noticed a dread lich
 50769 | Abyss:3  | Killed a dread lich
 50973 | Abyss:3  | Found a corrupted altar of Lugonu.
 51446 | Abyss:3  | Found a corrupted altar of Lugonu.
 51533 | Abyss:4  | Got an abyssal rune of Zot
 51555 | Depths:3 | Escaped the Abyss
 51624 | Zot:1    | Entered Level 1 of the Realm of Zot
 51665 | Zot:1    | Reached XP level 25. HP: 215/221 MP: 26/34
 52147 | Depths:3 | Bought the ring of the Tortoise {AC+8} for 2048 gold pieces
 52147 | Depths:3 | Found the ring of the Tortoise {AC+8}
 52934 | Zot:4    | Acquired a manual of Invocations
 52975 | Zot:5    | Entered Level 5 of the Realm of Zot
 53555 | Zot:5    | Noticed a dread lich
 53567 | Zot:5    | Killed a dread lich
 53592 | Zot:5    | Noticed a Killer Klown
 53604 | Zot:5    | Noticed an orb of fire
 53617 | Zot:5    | Killed an orb of fire
 53628 | Zot:5    | Noticed a Killer Klown
 53669 | Zot:5    | Killed a Killer Klown
 53685 | Zot:5    | Noticed a Killer Klown
 53690 | Zot:5    | Noticed a Killer Klown
 53694 | Zot:5    | Noticed a Killer Klown
 53703 | Zot:5    | Noticed a Killer Klown
 53704 | Zot:5    | Banished a Killer Klown
 53707 | Zot:5    | Killed a Killer Klown
 53724 | Zot:5    | Killed a Killer Klown
 53725 | Zot:5    | Killed a Killer Klown
 53730 | Zot:5    | Killed a Killer Klown
 54082 | Zot:5    | Reached XP level 26. HP: 162/231 MP: 25/35
 54114 | Zot:5    | Noticed an orb of fire
 54120 | Zot:5    | Banished an orb of fire
 54190 | Zot:5    | Got the Orb of Zot
 54924 | D:$      | Escaped with the Orb!

Illustrated notes

Levels and vault maps discovered:
D:1:      dpeg_arrival_prison, layout_loops_corners, nrook_loot_triangle
D:2:      layout_loops_corners, shapermc_ecumenical_altar_mp_ritualfount,
          chequers_serial_rivers_small_a, uniq_crazy_yiuf_cottage, uniq_sigmund,
          uniq_terence
D:3:      layout_basic, minmay_overflow_temple_star_hex, uniq_robin
D:4:      layout_loops_ring, grunt_temple_overflow_order_and_chaos_2,
          gammafunk_temple_overflow_elements
D:5:      layout_gridville, minmay_temple_entry_ruins, uniq_grinder
D:6:      layout_loops_ring, serial_shops, shop, portal_sewer_entry_d,
          uniq_maggie, uniq_pikel
D:7:      layout_layer_cave, uniq_menkaure
D:8:      layout_gridville, nicolae_ossuary_entry_ruins, moated_statue,
          due_unseen_surprise, uniq_maurice
D:9:      layout_roguey, enter_bailey_6
D:10:     layout_gridville, serial_park_tiny_2
D:11:     layout_big_octagon, grunt_lair_entry_orc_guard_hut, orc_david_3,
          gauntlet_entry_generic, serial_undead, serial_undead_c,
          serial_undead_d, serial_undead_c, serial_undead_e, serial_undead_d,
          serial_undead_e, nemelex_altar_shiori
D:12:     layout_loops_cross, kennysheep_diamond, zin_statuary
D:13:     layout_cave_pods
D:14:     dreamdust_cave_troll, layout_basic, david_vaults_1,
          hellmonk_bongcloud_opening
D:15:     hangedman_depths_entry_try_elsewhere_first, layout_basic, uniq_kirke,
          uniq_azrael
Lair:1:   layout_regular_city, grunt_megastairs_2, infiniplex_staircase_pool,
          uniq_urug
Lair:2:   mu_elephants_graveyard, layout_long_grid, nicolae_swamp_entry_spooky
Lair:3:   layout_small_grid, basic_altar, grunt_megastairs_1
Lair:4:   layout_cellular_growth, slime_entry_1
Lair:5:   guppyfry_lair_end_dragon, layout_loops_ring,
          hangedman_lair_caniforms_friends, serial_bayou_pond_c
Swamp:1:  layout_falls_marsh, hangedman_swamp_blocks
Swamp:2:  layout_falls_marsh, nicolae_swamp_trees_clearing
Swamp:3:  layout_basic_swamp, hangedman_swamp_cone, swamp_pool5
Swamp:4:  swamp_pestilence, layout_basic_swamp, swamp_pool5,
          nicolae_swamp_nymph_family_reunion, infiniplex_staircase_pool_2,
          uniq_donald
Snake:1:  layout_gridlike, nicolae_snake_gridmaze_waves, nicolae_snake_springs,
          uniq_louise
Snake:2:  layout_onion, nicolae_snake_round_shape_thing, serial_nicolae_subway,
          nicolae_sub_station_metal, nicolae_sub_station_stone,
          nicolae_sub_station_crystal
Snake:3:  layout_cave_pods, serial_shops, nicolae_shop_hallway_plus
Snake:4:  grunt_snake_rune_spirals, layout_onion, serial_shops, shop_statue
Orc:1:    layout_caves
Orc:2:    st_orc_congregation, layout_caves, mines2_david
Elf:1:    nicolae_elf_arrival_no_cutting_in_line, layout_geoelf_octagon,
          hangedman_elf_represent
Elf:2:    nicolae_elf_blades_crystal_corner, layout_rooms, st_stairs_9,
          drop_trap, nicolae_nh_oracle_at_delphi, uniq_agnes, uniq_zenata
Vaults:1: ontoclasm_vaults_misaligned, hangedman_vaults_restitches, v_misc_1,
          ontoclasm_vaults_tryst, nicolae_vaults_border_crossing, v_misc_26,
          layout_vaults_omnigrid, serial_shops, shop_fountains
Vaults:2: v_misc_10, ontoclasm_vaults_loading_screen, v_misc_24, v_misc_11,
          vaults_dpeg_spiral, vaults_room_fours, layout_vaults_chaotic_city,
          serial_shops, nicolae_shop_hallway_stairs
Vaults:3: vaults_dpeg_diagonal, v_pattern_4, v_misc_3, v_alt_pattern_2,
          nicolae_vaults_network_s, nicolae_vaults_angled_halls,
          nicolae_vaults_sealed_display, blue_anna_dwarven_crypt,
          nicolae_vaults_theta, layout_vaults_omnicross, serial_shops, shop,
          uniq_mennas, uniq_sojobo
Vaults:4: hangedman_vaults_stretched_pinwheel, vaults_room_door_hall,
          st_spiral_rooms, nicolae_vaults_network_quinsquares
          [nicolae_vaults_network_quincunx_subvault,
          nicolae_vaults_network_quincunx_subvault,
          nicolae_vaults_network_quincunx_subvault,
          nicolae_vaults_network_quincunx_subvault], v_misc_33,
          hangedman_vaults_impose, vaults_dpeg_hooks, grunt_vaults_diagonal,
          nicolae_vaults_diagonal_hallway_7, grunt_vaults_hallway_short,
          layout_vaults_ring
Depths:1: layout_honeycomb, kennysheep_big_empty_room, abyss_entry_crystal,
          grunt_pan_entry_zigzag, grunt_mini_vestibule, roderic_lattice_a,
          grunt_gozag_breadcrumbs
Depths:2: box_level_dp, serial_shops, hell_entry, pan_entry
Depths:3: due_jory_tower, layout_gridville, abyss_entry_small_statue_room,
          pf_dread_powers_of_hell, minmay_fire_ice_demons,
          infiniplex_staircase_trident, minmay_shop_grove
Depths:4: grunt_zot_entry_gee_three, layout_basic, enter_ziggurat_c, hell_entry
Zot:1:    layout_basic
Zot:2:    layout_basic, uniq_grunn
Zot:3:    layout_basic, uniq_tiamat
Zot:4:    layout_cathedral_of_symmetry, lemuel_lich_library, grunt_megastairs_3
Zot:5:    layout_basic

Skill      XL: |  1  2  3  4  5  6  7  8  9 10 11 12 13 14 15 16 17 18 19 20 21 22 23 24 25 |
---------------+----------------------------------------------------------------------------+-----
Dodging        | 1 2 4 6 8 10 11 13 14 15 17 18 19 20 22 24 25 | 25.9
Long Blades    | 3 4 5 6 8 9 11 12 13 14 18 22 26 27 | 27.0
Fighting       | 4 5 6 7 9 10 11 12 13 15 16 17 19 20 21 23 24 | 24.2
Shields        | 4 5 9 12 13 14 | 14.0
Invocations    | 4 6 8 10 12 13 15 17 | 17.5
Transmutations | 5 6 |  6.0
Spellcasting   | 2 |  2.0
Armour         | 7 8 10 | 10.0
Evocations     | 6 10 11 13 | 13.5

Action                     |  1- 3 |  4- 6 |  7- 9 | 10-12 | 13-15 | 16-18 | 19-21 | 22-24 | 25-27 || total
---------------------------+-------+-------+-------+-------+-------+-------+-------+-------+-------++-------
  Melee: Long sword        |   105 |    69 |       |       |       |       |       |       |       ||   174
         Falchion          |       |    24 |   293 |   767 |  1885 |  1525 |   424 |       |       ||  4918
         Scimitar          |       |       |       |       |       |       |   850 |       |       ||   850
         Tailslap          |       |       |       |       |       |       |     5 |     7 |     2 ||    14
         Double sword      |       |       |       |       |       |       |   261 |  1332 |   535 ||  2128
  Throw: Dart              |       |       |    11 |    43 |    30 |       |       |       |       ||    84
         Throwing net      |       |       |       |     5 |       |       |       |       |       ||     5
   Cast: Wereblood         |       |       |       |       |       |     3 |     2 |    43 |     9 ||    57
 Invoke: Divine Shield     |       |       |       |     2 |     1 |     2 |       |       |     3 ||     8
         Cleansing Flame   |       |       |       |       |     4 |     3 |     8 |     4 |     2 ||    21
         Summon Divine War |       |       |       |       |     8 |     4 |    20 |    22 |     5 ||    59
  Evoke: Wand              |       |     5 |     3 |    41 |     6 |    22 |     2 |     1 |     4 ||    84
         Phantom mirror    |       |       |       |       |     1 |     1 |       |       |     1 ||     3
         Phial of floods   |       |       |       |       |       |     2 |       |       |       ||     2
         Condenser vane    |       |       |       |       |       |     1 |     1 |     1 |     3 ||     6
    Use: Scroll            |     3 |     7 |     9 |    11 |     9 |     6 |     6 |     8 |     5 ||    64
         Potion            |     1 |       |     1 |     5 |     6 |     5 |     1 |     2 |     6 ||    27
 Armour: Scale mail        |    37 |       |       |       |       |       |       |       |       ||    37
         Animal skin       |     6 |    35 |    61 |    24 |       |       |       |       |       ||   126
         Steam dragon scal |       |       |       |   125 |       |       |       |       |       ||   125
         Troll leather arm |       |       |       |    47 |   234 |   131 |   124 |   135 |    87 ||   758
  Dodge: Dodged            |    62 |    58 |   202 |   651 |  1269 |   755 |   813 |   871 |   412 ||  5093
  Block: Buckler           |    26 |    20 |    69 |   234 |   516 |       |       |       |       ||   865
         Kite shield       |       |       |       |       |   139 |   807 |  1304 |  1138 |   348 ||  3736
         Tower shield      |       |       |       |       |    36 |       |       |       |       ||    36
         Reflection        |       |       |       |       |       |       |    87 |    57 |       ||   144

Table legend: (Time is in decaauts)
 A = Elapsed time spent in this place.
 B = Non-inter-level travel time spent in this place.
 C = Inter-level travel time spent in this place.
 D = Time resting spent in this place.
 E = Time spent auto-exploring this place.
 F = Levels seen in this place.
 G = Mean time per level.
                   A        B        C        D        E       F      G
               +--------+--------+--------+--------+--------+-----+--------+
         Total |  52596 |  48132 |   4464 |   4347 |  26556 |  53 |  992.4 |
       Dungeon |  14306 |  12829 |   1477 |    731 |   8805 |  15 |  953.7 |
          Lair |   6125 |   5732 |    393 |     61 |   3719 |   5 | 1225.0 |
         Swamp |   3082 |   2974 |    108 |    403 |   1328 |   4 |  770.5 |
     Snake Pit |   7666 |   7244 |    422 |   1746 |   2852 |   4 | 1916.5 |
  Orcish Mines |   2751 |   1870 |    881 |     33 |   1204 |   2 | 1375.5 |
   Elven Halls |   1247 |   1076 |    171 |     16 |    497 |   2 |  623.5 |
        Vaults |   5584 |   5358 |    226 |    214 |   3725 |   4 | 1396.0 |
        Depths |   7029 |   6358 |    671 |    691 |   3183 |   4 | 1757.2 |
           Zot |   2370 |   2258 |    112 |    213 |    694 |   5 |  474.0 |
         Abyss |   1094 |   1094 |      0 |      0 |    258 |   4 |  273.5 |
         Sewer |    243 |    243 |      0 |      7 |     41 |   1 |  243.0 |
       Ossuary |    148 |    148 |      0 |      0 |      0 |   1 |  148.0 |
        Bailey |    490 |    490 |      0 |    150 |     44 |   1 |  490.0 |
      Gauntlet |    455 |    455 |      0 |     82 |    204 |   1 |  455.0 |
               +--------+--------+--------+--------+--------+-----+--------+

Top non-repeatable levels by time:
 Snake:4: 3131 daAuts
Depths:2: 2152 daAuts
Depths:3: 1866 daAuts
 Snake:3: 1804 daAuts
   Orc:2: 1784 daAuts
Depths:1: 1563 daAuts
  Lair:2: 1560 daAuts
 Snake:2: 1506 daAuts
Vaults:1: 1493 daAuts
Vaults:3: 1471 daAuts
Depths:4: 1448 daAuts
  Lair:5: 1412 daAuts
    D:12: 1346 daAuts
Vaults:2: 1315 daAuts
Vaults:4: 1304 daAuts
